Stars vs Griffins

Created - 6 décembre 2024 at 09:07

Goals
1 2 3 T
Stars 0 2 0 2
Griffins 1 3 2 6
Shots
1 2 3 T
Stars 2 9 2 13
Griffins 8 25 8 41

GoalsPenalties
1st period
1. Griffins , Jiri Kulich 14 (Zack Kassian 24, Cole Schwindt 16) at 1:11 (PP)
Matthew Murray (DAL) for Delaying the game (Minor) at 1:01 - Kevin Connauton served the penalty
Joe Hicketts (DAL) for Delaying the game (Minor) at 17:42
2nd period
2. Stars , Ethen Frank 6 (Chris Terry 6, Jesper Froden 6) at 1:33
3. Griffins , Cole Schwindt 11 (Jiri Kulich 21, Zack Kassian 25) at 3:32
4. Stars , Jakub Lauko 16 (Pavel Dorofeyev 14, Joe Hicketts 3) at 3:55
5. Griffins , Emil Heineman 5 (Markus Nurmi 7, Matthew Kessel 12) at 16:50
6. Griffins , Cole Schwindt 12 (Zack Kassian 26, Jiri Kulich 22) at 17:38
No Penalty
3rd period
7. Griffins , Gavin Hain 5 (Emil Heineman 9, Markus Nurmi 8) at 13:34
8. Griffins , Jacob Melanson 5 (Mason Geertsen 3, Matthew Kessel 13) at 19:49
No Penalty
Goalie Stats
Matthew Murray (DAL), 35 saves from 41 shots - (0,854), L, 10-16-6, 60:00 minutes
Mads Sogaard (DET), 11 saves from 13 shots - (0,846), W, 17-6-4, 60:00 minutes
3 StarsOfficial
1 - Cole Schwindt (DET)
2 - Jiri Kulich (DET)
3 - Emil Heineman (DET)
Referees : Samantha Hiller and Lacey Senuk
Linesman : Owen Gidlow and Diana Mokhova
Game Note
8:12 of 2nd period - Stars goal is going for a video replay. After video review, No Goal. The puck has entered the net after making contact with an attacking player’s stick that is above the height of the crossbar.



Team Name Goals Shots Shots Attemp Shots Blocked PIM HIT PP PK FO%
Stars 21329214150 / 0 (0%149%
Griffins 6418970311 / 2 (50%)051%

Stars
Player Name POS G A P +/- PIM HIT SHT SB MP PP MP PP SHT PK MP PK SHT FO% FOT GA TA
Calle RosenD000-2010123:170:0001:2900% 001
Chris TerryC/LW/RW011-1011221:080:0000:5100% 001
Drake CaggiulaLW/RW000-3020018:420:0000:4900% 002
Ethan ProwD000000106:380:0000:5000% 000
Ethen FrankC1011001018:180:0000:12062% 1303
Isaak PhillipsD000-1010419:570:0000:0000% 013
Jake LivingstoneD0000010117:050:0000:5300% 001
Jakub LaukoLW/RW101-1012122:400:0000:2900% 211
Jayson MegnaC/LW/RW0001013125:320:0001:03053% 1911
Jesper FrodenRW011-1021019:230:0000:0000% 100
Jimmy HuntingtonC000-100007:160:0000:0000% 100
Joe HickettsD0110200216:080:0000:0000% 000
Kevin ConnautonD000-1012321:120:0001:0600% 000
Logan MorrisonC000-2010111:320:0000:54025% 400
Nikita NesterenkoC000000000:350:0000:0000% 000
Pavel DorofeyevLW/RW011-2002524:570:0000:00050% 811
Ryan SheaD000-2030021:520:0000:0000% 001
Zac DalpeC000000001:380:0000:000100% 100
Griffins
Player Name POS G A P +/- PIM HIT SHT SB MP PP MP PP SHT PK MP PK SHT FO% FOT GA TA
Chris WidemanD0001012019:161:1900:0000% 000
Cole SchwindtC/RW2131016118:581:1300:00069% 1300
Emil HeinemanLW/RW1121023113:490:0000:0000% 010
Gavin HainC1011022114:200:0000:00050% 800
Jack ThompsonD0003003121:231:1900:0000% 030
Jacob MacDonaldD0001021018:500:5000:0000% 010
Jacob MelansonRW101102509:350:0400:0000% 100
Jakob PelletierLW0000023017:380:5200:0000% 130
Jeff KubiakC/LW/RW000103009:170:0000:00050% 210
Jiri KulichC/LW1231022018:581:1310:0000% 230
Logan StanleyD0003030020:520:0000:0000% 001
Markus NurmiLW/RW0221010014:070:0400:000100% 100
Mason GeertsenLW011100109:170:0000:0000% 000
Matthew KesselD022-1011120:120:5000:0000% 021
Simon EdvinssonD000-1053018:560:0000:0000% 000
T.J. TynanC0000012117:560:5600:00047% 1910
Tim GettingerLW/RW0000023117:380:5200:00050% 202
Zack KassianRW0331014018:581:1300:0000% 000

Stars

5 vs 5 Forward
Line #Left WingCenterRight WingPHYDFOFWanted %Time %Time Play
1Jakub LaukoJayson MegnaPavel Dorofeyev1134035%20:06
2Jayson MegnaEthen FrankChris Terry1223031%18:08
3Drake CaggiulaPavel DorofeyevJesper Froden1312021%12:04
4Chris TerryJakub LaukoJesper Froden1311013%7:33
5 vs 5 Defense
Line #DefenseDefensePHYDFOFWanted %Time %Time Play
1Calle RosenRyan Shea1224038%21:57
2Isaak PhillipsKevin Connauton1223534%19:57
3Joe HickettsJake Livingstone1222527%15:24
4Calle RosenKevin Connauton12201%0:33
Power Play Forward
Line #Left WingCenterRight WingPHYDFOFWanted %Time %Time Play
1Jakub LaukoJayson MegnaPavel Dorofeyev113600%0:00
2Chris TerryJayson MegnaJesper Froden113400%0:00
Power Play Defense
Line #DefenseDefensePHYDFOFWanted %Time %Time Play
1Calle RosenKevin Connauton122600%0:00
2Calle RosenKevin Connauton122400%0:00
Penalty Kill 4 Players Forward
Line #CenterWingPHYDFOFWanted %Time %Time Play
1Jayson MegnaChris Terry1226091%1:57
2Ethen FrankDrake Caggiula122409%0:12
Penalty Kill 4 Players Defense
Line #DefenseDefensePHYDFOFWanted %Time %Time Play
1Calle RosenKevin Connauton1226059%1:16
2Jake LivingstoneCalle Rosen1224041%0:53
Penalty Kill 3 Players
Line #WingPHYDFOFWanted %Time %Time PlayDefenseDefensePHYDFOFWanted %Time %Time Play
1Jayson Megna122600%0:00 Calle RosenKevin Connauton122600%0:00
2Chris Terry122400%0:00 Calle RosenJake Livingstone122400%0:00
4 vs 4 Forward
Line #CenterWingPHYDFOFWanted %Time %Time Play
1Jayson MegnaPavel Dorofeyev122600%0:00
2Chris TerryJakub Lauko122400%0:00
4 vs 4 Defense
Line #DefensePHYDFOFWanted %Time %Time Play
1Calle RosenKevin Connauton122600%0:00
2Jake LivingstoneKevin Connauton122400%0:00
Last Minutes Offensive
Left WingCenterRight WingDefenseDefense
Jakub LaukoJayson MegnaPavel DorofeyevCalle RosenKevin Connauton
Last Minutes Defensive
Left WingCenterRight WingDefenseDefense
Chris TerryJayson MegnaPavel DorofeyevCalle RosenKevin Connauton
Time
Total ForwardTotal DefenseLast Minutes OffensiveLast Minutes Defensive
60:00 60:00 0:000:00
Extra Forwards
Normal PowerPlayPenalty Kill
Pavel Dorofeyev, Jesper Froden, Ethen FrankJayson Megna, Jesper FrodenJayson Megna
Extra Defensemen
Normal PowerPlayPenalty Kill
Calle Rosen, Jake Livingstone, Kevin ConnautonCalle Rosen, Kevin ConnautonCalle Rosen
Penalty Shots
Pavel Dorofeyev, Jakub Lauko, Chris Terry, Jayson Megna, Jesper Froden
Goalie
Matthew Murray, Jeremy Brodeur
Scratches
Joel L'Esperance (Healthy), Adam Brooks (Healthy), Josh Melnick (Healthy), Austin Wagner (Healthy), Joseph Cecconi (Healthy) Otto Koivula (Healthy), Joona Koppanen (Healthy), Zach Senyshyn (Healthy), Cameron Crotty (Healthy), Cole Maier (Healthy) Byron Froese (Healthy), Felix Robert (Healthy), Cole Clayton (Healthy), Marc McLaughlin (Healthy), Philippe Daoust (Healthy) Eddie Wittchow (Healthy), Noah Philp (Healthy), Peetro Seppala (Healthy), Tyler Inamoto (Healthy)

Griffins

5 vs 5 Forward
Line #Left WingCenterRight WingPHYDFOFWanted %Time %Time Play
1Jiri KulichCole SchwindtZack Kassian0323531%17:45
2Jakob PelletierT.J. TynanTim Gettinger0323429%17:00
3Markus NurmiGavin HainEmil Heineman0322624%13:49
4Mason GeertsenJeff KubiakJacob Melanson032516%9:17
5 vs 5 Defense
Line #DefenseDefensePHYDFOFWanted %Time %Time Play
1Logan StanleyJack Thompson0323534%19:43
2Simon EdvinssonMatthew Kessel0323433%19:22
3Chris WidemanJacob MacDonald0322629%16:54
4Logan StanleyJack Thompson03253%1:52
Power Play Forward
Line #Left WingCenterRight WingPHYDFOFWanted %Time %Time Play
1Jiri KulichCole SchwindtZack Kassian1045357%1:13
2Jakob PelletierT.J. TynanTim Gettinger1044743%0:56
Power Play Defense
Line #DefenseDefensePHYDFOFWanted %Time %Time Play
1Jack ThompsonChris Wideman0145361%1:19
2Jacob MacDonaldMatthew Kessel0144739%0:50
Penalty Kill 4 Players Forward
Line #CenterWingPHYDFOFWanted %Time %Time Play
1Cole SchwindtZack Kassian131550%0:00
2T.J. TynanTim Gettinger131450%0:00
Penalty Kill 4 Players Defense
Line #DefenseDefensePHYDFOFWanted %Time %Time Play
1Logan StanleyJack Thompson131550%0:00
2Simon EdvinssonMatthew Kessel131450%0:00
Penalty Kill 3 Players
Line #WingPHYDFOFWanted %Time %Time PlayDefenseDefensePHYDFOFWanted %Time %Time Play
1Cole Schwindt131550%0:00 Logan StanleyJack Thompson131550%0:00
2T.J. Tynan131450%0:00 Simon EdvinssonMatthew Kessel131450%0:00
4 vs 4 Forward
Line #CenterWingPHYDFOFWanted %Time %Time Play
1Cole SchwindtZack Kassian032600%0:00
2T.J. TynanJakob Pelletier032400%0:00
4 vs 4 Defense
Line #DefensePHYDFOFWanted %Time %Time Play
1Logan StanleyJack Thompson122600%0:00
2Simon EdvinssonMatthew Kessel122400%0:00
Last Minutes Offensive
Left WingCenterRight WingDefenseDefense
Jiri KulichCole SchwindtZack KassianJack ThompsonChris Wideman
Last Minutes Defensive
Left WingCenterRight WingDefenseDefense
Jiri KulichT.J. TynanZack KassianLogan StanleyJack Thompson
Time
Total ForwardTotal DefenseLast Minutes OffensiveLast Minutes Defensive
60:00 60:00 0:000:00
Extra Forwards
Normal PowerPlayPenalty Kill
Zack Kassian, Cole Schwindt, T.J. TynanJacob Melanson, Markus NurmiJakob Pelletier
Extra Defensemen
Normal PowerPlayPenalty Kill
Logan Stanley, Jack Thompson, Matthew KesselLogan Stanley, Jacob MacDonaldChris Wideman
Penalty Shots
Zack Kassian, Jiri Kulich, Jacob MacDonald, Chris Wideman, Jack Thompson
Goalie
Mads Sogaard, Jakub Skarek
Scratches
Dillon Hamaliuk (Healthy), Francesco Pinelli (Healthy), Topias Vilen (Healthy), Tyson Hinds (Healthy), Jordie Benn (Healthy) Brandon Coe (Healthy), Jacob Perreault (Healthy), Keean Washkurak (Healthy), Reece Newkirk (Healthy), Xavier Bernard (Healthy) Ronan Seeley (Healthy), Tyrel Bauer (Healthy), Christopher Gibson (Healthy), Sebastian Cossa (Healthy)


Play-by-Play

1st period


0:01 of 1st period - Cole Schwindt wins face-off versus Jayson Megna in neutral zone.
0:40 of 1st period - Wrist shot by Pavel Dorofeyev.
0:40 of 1st period - Stopped by Mads Sogaard with a rebound.
0:42 of 1st period - Snap shot by Jakub Lauko.
0:42 of 1st period - Shot Misses the Net.
0:44 of 1st period - Wrist shot by Pavel Dorofeyev.
0:44 of 1st period - Shot Blocked by Emil Heineman.
0:46 of 1st period - Snap shot by Jakub Lauko.
0:46 of 1st period - Stopped by Mads Sogaard without a rebound.
0:47 of 1st period - T.J. Tynan wins face-off versus Ethen Frank in Griffins zone.
0:47 of 1st period - T.J. Tynan is hit by Isaak Phillips.
0:55 of 1st period - Slapshot by Jacob MacDonald.
0:55 of 1st period - Shot Misses the Net.
0:57 of 1st period - Wrist shot by T.J. Tynan.
0:57 of 1st period - Deflect By Isaak Phillips.
0:57 of 1st period - Stopped by Matthew Murray with a rebound.
0:59 of 1st period - Snap shot by Jacob MacDonald.
0:59 of 1st period - Shot Misses the Net.
1:01 of 1st period - Slapshot by Chris Wideman.
1:01 of 1st period - Stopped by Matthew Murray without a rebound.
1:01 of 1st period - Minor Penalty to Matthew Murray for Delaying the game.
1:02 of 1st period - Cole Schwindt wins face-off versus Jayson Megna in Stars zone.
1:11 of 1st period - Snap shot by Jiri Kulich.
1:11 of 1st period - Goal by Jiri Kulich - Stars : 0 - Griffins : 1.
1:12 of 1st period - Ethen Frank wins face-off versus T.J. Tynan in neutral zone.
1:28 of 1st period - Slapshot by Chris Terry.
1:28 of 1st period - Shot Blocked by T.J. Tynan.
3:10 of 1st period - Off-side.
3:11 of 1st period - Ethen Frank wins face-off versus Gavin Hain in neutral zone.
4:00 of 1st period - Slapshot by Jakub Lauko.
4:00 of 1st period - Shot Blocked by Tim Gettinger.
4:29 of 1st period - Jake Livingstone is hit by Jeff Kubiak and loses puck.
4:42 of 1st period - Jake Livingstone is hit by Gavin Hain and loses puck.
5:27 of 1st period - Pavel Dorofeyev is hit by Jacob Melanson and loses puck.
5:44 of 1st period - Jayson Megna is hit by Jakob Pelletier and loses puck.
7:08 of 1st period - Isaak Phillips is hit by Markus Nurmi and loses puck.
7:47 of 1st period - Ryan Shea is hit by Simon Edvinsson and loses puck.
8:18 of 1st period - Calle Rosen is hit by Emil Heineman and loses puck.
8:31 of 1st period - Jakub Lauko is hit by Cole Schwindt and loses puck.
9:15 of 1st period - Jimmy Huntington is hit by Jacob MacDonald and loses puck.
9:36 of 1st period - Calle Rosen is hit by Gavin Hain and loses puck.
10:11 of 1st period - Drake Caggiula is hit by Jeff Kubiak and loses puck.
11:12 of 1st period - Jiri Kulich is hit by Ryan Shea and loses puck.
11:55 of 1st period - Slapshot by Jakob Pelletier.
11:55 of 1st period - Shot Blocked by Pavel Dorofeyev.
12:49 of 1st period - Chris Terry is hit by Jeff Kubiak and loses puck.
13:24 of 1st period - Calle Rosen is hit by Simon Edvinsson and loses puck.
13:43 of 1st period - Drake Caggiula is hit by Logan Stanley and loses puck.
13:50 of 1st period - Snap shot by Zack Kassian.
13:50 of 1st period - Shot Blocked by Pavel Dorofeyev.
13:52 of 1st period - Wrist shot by Zack Kassian.
13:52 of 1st period - Shot Blocked by Jake Livingstone.
13:54 of 1st period - Slapshot by Jacob MacDonald.
13:54 of 1st period - Stopped by Matthew Murray without a rebound.
13:55 of 1st period - Ethen Frank wins face-off versus T.J. Tynan in Stars zone.
13:55 of 1st period - Ethen Frank is hit by Jakob Pelletier.
14:15 of 1st period - Ryan Shea is hit by Emil Heineman and loses puck.
14:20 of 1st period - Wrist shot by Emil Heineman.
14:20 of 1st period - Shot Blocked by Jayson Megna.
14:22 of 1st period - Wrist shot by Gavin Hain.
14:22 of 1st period - Stopped by Matthew Murray without a rebound.
14:23 of 1st period - T.J. Tynan wins face-off versus Pavel Dorofeyev in Stars zone.
15:18 of 1st period - Snap shot by Jakob Pelletier.
15:18 of 1st period - Deflect By Jacob Melanson.
15:18 of 1st period - Stopped by Matthew Murray without a rebound.
15:19 of 1st period - Jeff Kubiak wins face-off versus Logan Morrison in Stars zone.
15:32 of 1st period - Slapshot by Jacob MacDonald.
15:32 of 1st period - Shot Blocked by Logan Morrison.
15:34 of 1st period - Snap shot by Jacob Melanson.
15:34 of 1st period - Stopped by Matthew Murray with a rebound.
15:48 of 1st period - Matthew Kessel is hit by Jayson Megna and loses puck.
16:33 of 1st period - Snap shot by Chris Wideman.
16:33 of 1st period - Stopped by Matthew Murray with a rebound.
16:35 of 1st period - Snap shot by Markus Nurmi.
16:35 of 1st period - Shot Misses the Net.
17:42 of 1st period - Minor Penalty to Joe Hicketts for Delaying the game.
17:43 of 1st period - Cole Schwindt wins face-off versus Jayson Megna in Stars zone.
18:49 of 1st period - Calle Rosen is hit by Jiri Kulich and loses puck.
19:42 of 1st period - Penalty to Joe Hicketts is over, Joe Hicketts is back on ice.
19:50 of 1st period - Snap shot by Joe Hicketts.
19:50 of 1st period - Shot Misses the Net.
Goals for this period are 0 for Stars vs 1 for Griffins.
Shots for this period are 2 for Stars vs 8 for Griffins.

2nd period


0:01 of 2nd period - Jayson Megna wins face-off versus Cole Schwindt in neutral zone.
0:12 of 2nd period - Snap shot by Logan Stanley.
0:12 of 2nd period - Shot Hit the Post.
0:14 of 2nd period - Snap shot by Zack Kassian.
0:14 of 2nd period - Stopped by Matthew Murray without a rebound.
0:15 of 2nd period - T.J. Tynan wins face-off versus Jakub Lauko in Stars zone.
0:20 of 2nd period - Wrist shot by Jakob Pelletier.
0:20 of 2nd period - Stopped by Matthew Murray without a rebound.
0:21 of 2nd period - Tim Gettinger wins face-off versus Jayson Megna in Stars zone.
0:43 of 2nd period - Slapshot by Ryan Shea.
0:43 of 2nd period - Shot Misses the Net.
0:57 of 2nd period - Slapshot by Jakob Pelletier.
0:57 of 2nd period - Shot Blocked by Jakub Lauko.
0:59 of 2nd period - Slapshot by Jack Thompson.
0:59 of 2nd period - Shot Blocked by Calle Rosen.
1:01 of 2nd period - Backhand shot by Jack Thompson.
1:01 of 2nd period - Shot Misses the Net.
1:03 of 2nd period - Slapshot by Jack Thompson.
1:03 of 2nd period - Shot Misses the Net.
1:05 of 2nd period - Snap shot by Tim Gettinger.
1:05 of 2nd period - Stopped by Matthew Murray with a rebound.
1:15 of 2nd period - Wrist shot by T.J. Tynan.
1:15 of 2nd period - Stopped by Matthew Murray with a rebound.
1:17 of 2nd period - Snap shot by Jakob Pelletier.
1:17 of 2nd period - Stopped by Matthew Murray without a rebound.
1:18 of 2nd period - Ethen Frank wins face-off versus Jiri Kulich in Stars zone.
1:31 of 2nd period - Snap shot by Chris Terry.
1:31 of 2nd period - Shot Blocked by Matthew Kessel.
1:33 of 2nd period - Slapshot by Ethen Frank.
1:33 of 2nd period - Goal by Ethen Frank - Stars : 1 - Griffins : 1.
1:34 of 2nd period - Cole Schwindt wins face-off versus Ethen Frank in neutral zone.
1:43 of 2nd period - Snap shot by Cole Schwindt.
1:43 of 2nd period - Stopped by Matthew Murray without a rebound.
1:44 of 2nd period - Cole Schwindt wins face-off versus Ethen Frank in Stars zone.
1:45 of 2nd period - Wrist shot by Zack Kassian.
1:45 of 2nd period - Stopped by Matthew Murray with a rebound.
1:47 of 2nd period - Slapshot by Simon Edvinsson.
1:47 of 2nd period - Stopped by Matthew Murray with a rebound.
1:49 of 2nd period - Slapshot by Simon Edvinsson.
1:49 of 2nd period - Stopped by Matthew Murray with a rebound.
1:51 of 2nd period - Slapshot by Matthew Kessel.
1:51 of 2nd period - Stopped by Matthew Murray without a rebound.
1:52 of 2nd period - Cole Schwindt wins face-off versus Jayson Megna in Stars zone.
2:17 of 2nd period - Calle Rosen is hit by Simon Edvinsson.
2:23 of 2nd period - Wrist shot by Gavin Hain.
2:23 of 2nd period - Shot Misses the Net.
2:25 of 2nd period - Backhand shot by Emil Heineman.
2:25 of 2nd period - Deflect By Jakub Lauko.
2:25 of 2nd period - Shot Misses the Net.
2:25 of 2nd period - Puck is out of play.
2:26 of 2nd period - T.J. Tynan wins face-off versus Ethen Frank in Stars zone.
2:27 of 2nd period - Slapshot by Jakob Pelletier.
2:27 of 2nd period - Shot Misses the Net.
2:29 of 2nd period - Slapshot by Jack Thompson.
2:29 of 2nd period - Stopped by Matthew Murray with a rebound.
2:31 of 2nd period - Slapshot by Tim Gettinger.
2:31 of 2nd period - Stopped by Matthew Murray with a rebound.
2:33 of 2nd period - Slapshot by Jack Thompson.
2:33 of 2nd period - Stopped by Matthew Murray without a rebound.
2:34 of 2nd period - Ethen Frank wins face-off versus Jakob Pelletier in Stars zone.
2:55 of 2nd period - Jiri Kulich is hit by Jesper Froden and loses puck.
3:28 of 2nd period - Wrist shot by Zack Kassian.
3:28 of 2nd period - Stopped by Matthew Murray with a rebound.
3:30 of 2nd period - Wrist shot by Jiri Kulich.
3:30 of 2nd period - Shot Misses the Net.
3:32 of 2nd period - Slapshot by Cole Schwindt.
3:32 of 2nd period - Goal by Cole Schwindt - Stars : 1 - Griffins : 2.
3:33 of 2nd period - Markus Nurmi wins face-off versus Jayson Megna in neutral zone.
3:39 of 2nd period - Icing by Joe Hicketts.
3:40 of 2nd period - Gavin Hain wins face-off versus Jayson Megna in Stars zone.
3:53 of 2nd period - Wrist shot by Pavel Dorofeyev.
3:53 of 2nd period - Shot Misses the Net.
3:55 of 2nd period - Snap shot by Jakub Lauko.
3:55 of 2nd period - Goal by Jakub Lauko - Stars : 2 - Griffins : 2.
3:56 of 2nd period - Jayson Megna wins face-off versus T.J. Tynan in neutral zone.
4:31 of 2nd period - Snap shot by Cole Schwindt.
4:31 of 2nd period - Stopped by Matthew Murray with a rebound.
4:33 of 2nd period - Slapshot by Cole Schwindt.
4:33 of 2nd period - Shot Hit the Post.
4:35 of 2nd period - Backhand shot by Jacob MacDonald.
4:35 of 2nd period - Shot Misses the Net.
5:16 of 2nd period - Snap shot by Jakob Pelletier.
5:16 of 2nd period - Shot Misses the Net.
5:33 of 2nd period - Off-side.
5:34 of 2nd period - Jayson Megna wins face-off versus Jacob Melanson in neutral zone.
5:55 of 2nd period - Snap shot by T.J. Tynan.
5:55 of 2nd period - Shot Misses the Net.
6:37 of 2nd period - Jack Thompson is hit by Calle Rosen and loses puck.
7:12 of 2nd period - Snap shot by Cole Schwindt.
7:12 of 2nd period - Stopped by Matthew Murray with a rebound.
7:57 of 2nd period - Mason Geertsen is hit by Drake Caggiula and loses puck.
8:10 of 2nd period - Backhand shot by Jimmy Huntington.
8:10 of 2nd period - Shot Misses the Net.
8:12 of 2nd period - Slapshot by Ethan Prow.
8:12 of 2nd period - Stars goal is going for a video replay.
8:12 of 2nd period - The goal is refused. The puck has entered the net after making contact with an attacking player’s stick that is above the height of the crossbar..
8:13 of 2nd period - T.J. Tynan wins face-off versus Logan Morrison in Griffins zone.
8:13 of 2nd period - T.J. Tynan is hit by Logan Morrison.
8:24 of 2nd period - Icing by Joe Hicketts.
8:25 of 2nd period - Logan Morrison wins face-off versus Cole Schwindt in Stars zone.
8:38 of 2nd period - Off-side.
8:39 of 2nd period - Jayson Megna wins face-off versus T.J. Tynan in neutral zone.
8:44 of 2nd period - Snap shot by Pavel Dorofeyev.
8:44 of 2nd period - Shot Misses the Net.
9:17 of 2nd period - Icing by Logan Stanley.
9:18 of 2nd period - Gavin Hain wins face-off versus Pavel Dorofeyev in Griffins zone.
9:45 of 2nd period - Wrist shot by Jakob Pelletier.
9:45 of 2nd period - Shot Misses the Net.
9:47 of 2nd period - Snap shot by Jack Thompson.
9:47 of 2nd period - Shot Blocked by Isaak Phillips.
9:49 of 2nd period - Wrist shot by Tim Gettinger.
9:49 of 2nd period - Shot Misses the Net.
9:51 of 2nd period - Snap shot by Jack Thompson.
9:51 of 2nd period - Shot Blocked by Chris Terry.
10:00 of 2nd period - Icing by Jayson Megna.
10:01 of 2nd period - Pavel Dorofeyev wins face-off versus Gavin Hain in Stars zone.
10:08 of 2nd period - Snap shot by Gavin Hain.
10:08 of 2nd period - Shot Misses the Net.
10:14 of 2nd period - Snap shot by Drake Caggiula.
10:14 of 2nd period - Shot Blocked by Gavin Hain.
10:26 of 2nd period - Wrist shot by Jesper Froden.
10:26 of 2nd period - Stopped by Mads Sogaard with a rebound.
10:28 of 2nd period - Wrist shot by Jesper Froden.
10:28 of 2nd period - Shot Misses the Net.
10:39 of 2nd period - Icing by Simon Edvinsson.
10:40 of 2nd period - Ethen Frank wins face-off versus Gavin Hain in Griffins zone.
10:43 of 2nd period - Snap shot by Pavel Dorofeyev.
10:43 of 2nd period - Stopped by Mads Sogaard with a rebound.
10:45 of 2nd period - Wrist shot by Jayson Megna.
10:45 of 2nd period - Shot Misses the Net.
10:47 of 2nd period - Slapshot by Joe Hicketts.
10:47 of 2nd period - Deflect By Jayson Megna.
10:47 of 2nd period - Stopped by Mads Sogaard without a rebound.
10:48 of 2nd period - Cole Schwindt wins face-off versus Jayson Megna in Griffins zone.
11:20 of 2nd period - Off-side.
11:21 of 2nd period - T.J. Tynan wins face-off versus Jakub Lauko in neutral zone.
12:12 of 2nd period - Jeff Kubiak is hit by Jesper Froden and loses puck.
12:23 of 2nd period - Wrist shot by Jack Thompson.
12:23 of 2nd period - Stopped by Matthew Murray with a rebound.
12:25 of 2nd period - Wrist shot by Cole Schwindt.
12:25 of 2nd period - Stopped by Matthew Murray without a rebound.
12:26 of 2nd period - Pavel Dorofeyev wins face-off versus Jiri Kulich in Stars zone.
13:03 of 2nd period - Off-side.
13:04 of 2nd period - Pavel Dorofeyev wins face-off versus Gavin Hain in neutral zone.
14:18 of 2nd period - Snap shot by Emil Heineman.
14:18 of 2nd period - Stopped by Matthew Murray with a rebound.
14:25 of 2nd period - Icing by Drake Caggiula.
14:26 of 2nd period - Pavel Dorofeyev wins face-off versus T.J. Tynan in Stars zone.
14:26 of 2nd period - Pavel Dorofeyev is hit by Tim Gettinger.
14:41 of 2nd period - Off-side.
14:42 of 2nd period - Cole Schwindt wins face-off versus Ethen Frank in neutral zone.
14:54 of 2nd period - Slapshot by Logan Stanley.
14:54 of 2nd period - Shot Misses the Net.
15:54 of 2nd period - Snap shot by Zack Kassian.
15:54 of 2nd period - Stopped by Matthew Murray with a rebound.
15:56 of 2nd period - Slapshot by Simon Edvinsson.
15:56 of 2nd period - Stopped by Matthew Murray with a rebound.
15:58 of 2nd period - Snap shot by Zack Kassian.
15:58 of 2nd period - Shot Misses the Net.
16:00 of 2nd period - Slapshot by Simon Edvinsson.
16:00 of 2nd period - Deflect By Zack Kassian.
16:00 of 2nd period - Shot Blocked by Pavel Dorofeyev.
16:00 of 2nd period - Puck is out of play.
16:01 of 2nd period - T.J. Tynan wins face-off versus Logan Morrison in Stars zone.
16:02 of 2nd period - Backhand shot by Tim Gettinger.
16:02 of 2nd period - Shot Blocked by Kevin Connauton.
16:04 of 2nd period - Slapshot by T.J. Tynan.
16:04 of 2nd period - Shot Blocked by Kevin Connauton.
16:06 of 2nd period - Slapshot by Chris Wideman.
16:06 of 2nd period - Shot Blocked by Isaak Phillips.
16:28 of 2nd period - Logan Morrison is hit by Jiri Kulich.
16:48 of 2nd period - Snap shot by Emil Heineman.
16:48 of 2nd period - Stopped by Matthew Murray with a rebound.
16:50 of 2nd period - Wrist shot by Emil Heineman.
16:50 of 2nd period - Goal by Emil Heineman - Stars : 2 - Griffins : 3.
16:51 of 2nd period - Ethen Frank wins face-off versus T.J. Tynan in neutral zone.
17:01 of 2nd period - Off-side.
17:02 of 2nd period - Ethen Frank wins face-off versus T.J. Tynan in neutral zone.
17:05 of 2nd period - Snap shot by Chris Terry.
17:05 of 2nd period - Stopped by Mads Sogaard with a rebound.
17:36 of 2nd period - Slapshot by Zack Kassian.
17:36 of 2nd period - Shot Blocked by Pavel Dorofeyev.
17:38 of 2nd period - Snap shot by Cole Schwindt.
17:38 of 2nd period - Goal by Cole Schwindt - Stars : 2 - Griffins : 4.
17:39 of 2nd period - Jayson Megna wins face-off versus T.J. Tynan in neutral zone.
17:50 of 2nd period - Wrist shot by Jakub Lauko.
17:50 of 2nd period - Shot Blocked by Jack Thompson.
17:52 of 2nd period - Slapshot by Kevin Connauton.
17:52 of 2nd period - Stopped by Mads Sogaard with a rebound.
17:54 of 2nd period - Slapshot by Kevin Connauton.
17:54 of 2nd period - Stopped by Mads Sogaard with a rebound.
18:11 of 2nd period - Logan Stanley is hit by Chris Terry and loses puck.
18:21 of 2nd period - Off-side.
18:22 of 2nd period - Gavin Hain wins face-off versus Pavel Dorofeyev in neutral zone.
18:27 of 2nd period - Jesper Froden is hit by Matthew Kessel and loses puck.
18:38 of 2nd period - Snap shot by Emil Heineman.
18:38 of 2nd period - Shot Blocked by Kevin Connauton.
19:16 of 2nd period - Slapshot by T.J. Tynan.
19:16 of 2nd period - Shot Blocked by Pavel Dorofeyev.
Goals for this period are 2 for Stars vs 3 for Griffins.
Shots for this period are 9 for Stars vs 25 for Griffins.

3rd period


0:01 of 3rd period - Jayson Megna wins face-off versus Tim Gettinger in neutral zone.
0:12 of 3rd period - Snap shot by Jayson Megna.
0:12 of 3rd period - Stopped by Mads Sogaard with a rebound.
0:14 of 3rd period - Snap shot by Jayson Megna.
0:14 of 3rd period - Stopped by Mads Sogaard without a rebound.
0:15 of 3rd period - Jayson Megna wins face-off versus Cole Schwindt in Griffins zone.
0:19 of 3rd period - Icing by Matthew Kessel.
0:20 of 3rd period - Cole Schwindt wins face-off versus Pavel Dorofeyev in Griffins zone.
0:20 of 3rd period - Cole Schwindt is hit by Ryan Shea.
0:25 of 3rd period - Simon Edvinsson is hit by Jakub Lauko and loses puck.
0:31 of 3rd period - Off-side.
0:32 of 3rd period - T.J. Tynan wins face-off versus Jayson Megna in neutral zone.
0:45 of 3rd period - Wrist shot by T.J. Tynan.
0:45 of 3rd period - Shot Misses the Net.
2:28 of 3rd period - Matthew Kessel is hit by Kevin Connauton and loses puck.
2:59 of 3rd period - Slapshot by Matthew Kessel.
2:59 of 3rd period - Shot Blocked by Joe Hicketts.
3:20 of 3rd period - Off-side.
3:21 of 3rd period - Jayson Megna wins face-off versus T.J. Tynan in neutral zone.
4:06 of 3rd period - Pavel Dorofeyev is hit by Logan Stanley.
4:20 of 3rd period - Drake Caggiula is hit by Tim Gettinger and loses puck.
5:59 of 3rd period - Calle Rosen is hit by Jacob MacDonald.
6:08 of 3rd period - Pavel Dorofeyev is hit by Zack Kassian and loses puck.
6:25 of 3rd period - Jimmy Huntington is hit by Simon Edvinsson and loses puck.
8:14 of 3rd period - Off-side.
8:15 of 3rd period - Zac Dalpe wins face-off versus Jeff Kubiak in neutral zone.
8:18 of 3rd period - Snap shot by Jayson Megna.
8:18 of 3rd period - Shot Misses the Net.
9:45 of 3rd period - Snap shot by Tim Gettinger.
9:45 of 3rd period - Shot Misses the Net.
9:47 of 3rd period - Snap shot by Jakob Pelletier.
9:47 of 3rd period - Stopped by Matthew Murray with a rebound.
10:11 of 3rd period - Gavin Hain is hit by Drake Caggiula and loses puck.
10:28 of 3rd period - Snap shot by Zack Kassian.
10:28 of 3rd period - Shot Misses the Net.
10:56 of 3rd period - Slapshot by Chris Wideman.
10:56 of 3rd period - Deflect By Jacob Melanson.
10:56 of 3rd period - Stopped by Matthew Murray with a rebound.
10:58 of 3rd period - Wrist shot by Jeff Kubiak.
10:58 of 3rd period - Deflect By Mason Geertsen.
10:58 of 3rd period - Shot Misses the Net.
10:58 of 3rd period - Puck is out of play.
10:59 of 3rd period - T.J. Tynan wins face-off versus Jimmy Huntington in Stars zone.
11:00 of 3rd period - Snap shot by Jakob Pelletier.
11:00 of 3rd period - Deflect By Tim Gettinger.
11:00 of 3rd period - Stopped by Matthew Murray with a rebound.
11:45 of 3rd period - Emil Heineman is hit by Ryan Shea and loses puck.
12:22 of 3rd period - Slapshot by Jack Thompson.
12:22 of 3rd period - Shot Misses the Net.
12:48 of 3rd period - Slapshot by Jiri Kulich.
12:48 of 3rd period - Stopped by Matthew Murray with a rebound.
12:50 of 3rd period - Wrist shot by Jack Thompson.
12:50 of 3rd period - Shot Blocked by Isaak Phillips.
12:52 of 3rd period - Slapshot by Jack Thompson.
12:52 of 3rd period - Shot Blocked by Isaak Phillips.
12:54 of 3rd period - Slapshot by Logan Stanley.
12:54 of 3rd period - Shot Misses the Net.
13:34 of 3rd period - Snap shot by Gavin Hain.
13:34 of 3rd period - Goal by Gavin Hain - Stars : 2 - Griffins : 5.
13:35 of 3rd period - Jayson Megna wins face-off versus T.J. Tynan in neutral zone.
14:10 of 3rd period - Off-side.
14:11 of 3rd period - Gavin Hain wins face-off versus Jesper Froden in neutral zone.
15:40 of 3rd period - Snap shot by Markus Nurmi.
15:40 of 3rd period - Shot Misses the Net.
15:46 of 3rd period - Snap shot by Emil Heineman.
15:46 of 3rd period - Shot Misses the Net.
15:48 of 3rd period - Slapshot by Jacob MacDonald.
15:48 of 3rd period - Shot Blocked by Chris Terry.
16:16 of 3rd period - Jakub Lauko is hit by Simon Edvinsson and loses puck.
17:21 of 3rd period - Drake Caggiula is hit by T.J. Tynan and loses puck.
17:42 of 3rd period - Logan Stanley is hit by Jake Livingstone and loses puck.
17:59 of 3rd period - Jimmy Huntington is hit by Jacob Melanson.
18:03 of 3rd period - Slapshot by Jacob Melanson.
18:03 of 3rd period - Stopped by Matthew Murray with a rebound.
18:43 of 3rd period - Jimmy Huntington is hit by Logan Stanley and loses puck.
19:02 of 3rd period - Jimmy Huntington is hit by Chris Wideman and loses puck.
19:45 of 3rd period - Slapshot by Jacob Melanson.
19:45 of 3rd period - Deflect By Mason Geertsen.
19:45 of 3rd period - Stopped by Matthew Murray with a rebound.
19:47 of 3rd period - Snap shot by Jacob Melanson.
19:47 of 3rd period - Shot Blocked by Joe Hicketts.
19:49 of 3rd period - Snap shot by Mason Geertsen.
19:49 of 3rd period - Deflect By Jacob Melanson.
19:49 of 3rd period - Goal by Jacob Melanson - Stars : 2 - Griffins : 6.
19:50 of 3rd period - Jayson Megna wins face-off versus Cole Schwindt in neutral zone.
19:55 of 3rd period - Snap shot by Jakub Lauko.
19:55 of 3rd period - Shot Blocked by Cole Schwindt.
Goals for this period are 0 for Stars vs 2 for Griffins.
Shots for this period are 2 for Stars vs 8 for Griffins.